cohdb
Replays
Latest Replays
All Replays
Popular Replays
Top Player Replays
Match Explorer
How It Works
Community
CoH3 Stats
Reddit
Sign in to upload your games and track your stats! →
Sign in with Steam
Match 45589794
Unlisted
Match 45589794
Overview
Messages
Build Orders
End
Selects Italian Combined Arms Battlegroup
Selects Bersaglieri Squad
Bersaglieri Squad
250 Light Carrier
Bersaglieri Squad
Construct Light Support Kompanie
Combat Half-tracks
Selects Bersaglieri Bolster
Bersaglieri Squad
2.5-tonne Medical Truck
Panzerjäger Mechanized Group
Fire Support Elements
Selects Breda Model 30 Light Machine Guns
Veteran Squad Leaders
Construct Panzerarmee Kommand
哦嗦嘎达
娘希匹,优势在我!
gooood
CHINA津门虎
rangeman
breadstix
jde513
eorkf9
0
0
Comments
sign in to comment!
No comments posted yet!